 Dungeon Crawl Stone Soup version 0.29.0-10-g45618ea6d2 (webtiles) character file.

Game seed: 12061921814272367230

3041 Flugkiller the Cleaver (level 9, -5/81 HPs)
             Began as a Minotaur Fighter on Sept 1, 2022.
             Was a Priest of Cheibriados.
             Slain by a two-headed ogre
             ... wielding a +0 giant club
              (20 damage)
             ... on level 9 of the Dungeon.
             The game lasted 00:03:43 (7749 turns).

Flugkiller the Cleaver (Minotaur Fighter)           Turns: 7749, Time: 00:03:44

Health: -5/81      AC: 24    Str: 28    XL:     9   Next: 56%
Magic:  11/11      EV:  8    Int: 11    God:    Cheibriados [***...]
Gold:   598        SH:  6    Dex: 19    Spells: 8/8 levels left

rFire   . . .      SeeInvis +   a - +0 war axe (protect)
rCold   . . .      Faith    .   c - +1 buckler
rNeg    . . .      Spirit   .   F - +0 plate armour
rPois   +          Reflect  .   (helmet restricted)
rElec   .          Harm     .   x - +2 cloak
rCorr   .          Rampage  .   (no gloves)
Will    .....                   (no boots)
Stlth   ..........              (no amulet)
HPRegen 0.23/turn               i - ring of see invisible
MPRegen 0.12/turn               o - ring of poison resistance

@: under a protective aura, very slow
A: horns 2, retaliatory headbutt
a: Renounce Religion, Bend Time, Temporal Distortion


You were on level 9 of the Dungeon.
You worshipped Cheibriados.
Cheibriados was most pleased with you.
You visited 2 branches of the dungeon, and saw 10 of its levels.

You collected 637 gold pieces.
You spent 39 gold pieces at shops.

Inventory:

Hand Weapons
 a - a +0 war axe of protection (weapon)
 E - a +2 battleaxe of freezing
   (You took it off a wight on level 9 of the Dungeon)
Missiles
 e - a boomerang (quivered)
Armour
 b - a +0 kite shield
   (You took it off a gnoll sergeant on level 8 of the Dungeon)
 c - a +1 buckler (worn)
 x - a +2 cloak (worn)
   (You found it on level 4 of the Dungeon)
 F - a +0 plate armour (worn)
   (You took it off an orc warrior on level 8 of the Dungeon)
Jewellery
 i - a ring of see invisible (left hand)
   (You found it on level 6 of the Dungeon)
 o - a ring of poison resistance (right hand)
   (You found it on level 7 of the Dungeon)
Wands
 g - a wand of digging (5)
   (You found it on level 6 of the Dungeon)
 B - a wand of mindburst (15)
   (You found it on level 7 of the Dungeon)
 C - a wand of acid (12)
   (You found it on level 8 of the Dungeon)
Scrolls
 l - a scroll of magic mapping
 m - a scroll of enchant weapon
 n - 5 scrolls of enchant armour
 r - a scroll of identify
 t - 5 scrolls of teleportation
 v - 2 scrolls of immolation
 y - a scroll of brand weapon
Potions
 d - a potion of might
 f - a potion of flight
 h - a potion of haste
 j - a potion of ambrosia {unknown}
 k - 4 potions of brilliance
 p - a potion of magic {unknown}
 q - 4 potions of attraction {unknown}
 s - 2 potions of lignification {unknown}
 u - a potion of resistance {unknown}
 w - 3 potions of heal wounds
 z - a potion of degeneration {unknown}
 A - 11 potions of curing {unknown}
 D - a potion of mutation {unknown}


   Skills:
 + Level 8.2 Fighting
 * Level 10.6 Axes
 + Level 8.2 Armour
 + Level 1.5 Dodging
 - Level 3.6 Shields
 + Level 4.8 Invocations


You had 8 spell levels left.
You didn't know any spells.
Your spell library was empty.

Dungeon Overview and Level Annotations

Branches:
Dungeon (9/15)             Temple (1/1) D:5
   Lair: D:8-11         Orc: D:9-12

Altars:
Ashenzari
Cheibriados
Dithmenos
Elyvilon
Fedhas
Gozag
Hepliaklqana
Kikubaaqudgha
Makhleb
Okawaru
Qazlal
Ru
Sif Muna
Trog
Uskayaw
Vehumet
Wu Jian
Xom
Yredelemnul
Zin
The Shining One

Shops:
D:4 *   D:6 ?

Annotations:
D:6 2 transporters
D:7 1 runed translucent door, Regnix's ghost, novice DEIE


Innate Abilities, Weirdness & Mutations

You have a pair of horns on your head.
You reflexively headbutt those who attack you in melee.


Message History

A centaur comes into view.
The centaur shouts!
The centaur wields a +0 shortbow.
The centaur shoots an arrow.
The arrow closely misses you.
Found a scroll of identify.
A centaur is nearby!
A centaur is nearby!
A centaur is nearby!
The centaur unwields a +0 shortbow.
The centaur hits you.
The centaur kicks you but does no damage.
The centaur barely misses you. You furiously retaliate!
You headbutt the centaur! You block the centaur's attack.
The centaur hits you but does no damage.
The centaur kicks you but does no damage.
There is an open door here.
You slash the centaur!
Your weapon exudes an aura of protection.
You kill the centaur!
Cheibriados thoroughly appreciates the change of pace.
No target in view!
No target in view!
No target in view!
No target in view!
No target in view!
No target in view!
No target in view!
Things that are here:
a +0 shortbow; a centaur corpse
r - a scroll of identify;
F - a +0 plate armour (worn)
You open the door.
There is an open door here.
A centaur comes into view.
Found 20 gold pieces.
The centaur shouts!
The centaur wields a +0 shortbow.
The centaur shoots an arrow.
The arrow closely misses you.
The centaur shoots an arrow.
The arrow hits you.
The centaur shoots an arrow.
The arrow barely misses you.
You hear two shouts!
A centaur is nearby!
A centaur is nearby!
The centaur shoots an arrow.
The arrow hits you but does no damage.
The centaur shoots an arrow.
You block the arrow.
The centaur shoots an arrow.
The arrow closely misses you.
A two-headed ogre comes into view.
It is wielding a +0 giant club and a +0 giant spiked club.
The centaur unwields a +0 shortbow.
The centaur hits you but does no damage.
The centaur kicks you but does no damage.
The centaur closely misses you. You block the centaur's attack.
You completely miss the two-headed ogre.
You hit the two-headed ogre but do no damage.
Your weapon exudes an aura of protection.
You headbutt the two-headed ogre.
The two-headed ogre is lightly wounded.
You hit the centaur. The centaur closely misses you. The centaur kicks you.
The centaur hits you but does no damage.
The centaur kicks you but does no damage.
The two-headed ogre hits you but does no damage.
The two-headed ogre hits you with a +0 giant spiked club!
You slash the centaur!
The centaur is severely wounded.
You hit the two-headed ogre. You block the centaur's attack.
The centaur kicks you but does no damage.
You hit the centaur.
The centaur is severely wounded.
You closely miss the two-headed ogre.
The centaur hits you but does no damage.
The centaur kicks you but does no damage.
The two-headed ogre hits you with a +0 giant club!!
The two-headed ogre hits you but does no damage.
You block the centaur's attack.
The centaur kicks you but does no damage.
You hit the centaur but do no damage. Your headbutt misses the centaur.
The centaur is severely wounded.
You hit the two-headed ogre. The centaur barely misses you.
You block the centaur's attack.
The two-headed ogre hits you with a +0 giant club!
The two-headed ogre hits you with a +0 giant spiked club.
You slash the centaur!
You kill the centaur!
Cheibriados thoroughly appreciates the change of pace.
You can now warp the flow of time around you.
You barely miss the two-headed ogre. You closely miss the two-headed ogre.
You headbutt the two-headed ogre!
The two-headed ogre is heavily wounded.
The two-headed ogre hits you with a +0 giant club!!
* * * LOW HITPOINT WARNING * * *
The two-headed ogre hits you with a +0 giant spiked club.
* * * LOW HITPOINT WARNING * * *
You are too injured to fight recklessly!
A two-headed ogre is nearby!
You slash the two-headed ogre! You headbutt the two-headed ogre.
The two-headed ogre is almost dead.
You block the two-headed ogre's attack. The two-headed ogre barely misses you.
You barely miss the two-headed ogre.
The two-headed ogre is almost dead.
You hit the two-headed ogre.
Your headbutt misses the two-headed ogre.
The two-headed ogre is almost dead.
The two-headed ogre hits you with a +0 giant club!!
You die...

#....... #......
#.....######+#......
#.....#......#......
#...$.#......#......
#....#......#......
#....'......#......
#...##......#......
#.@.#.....###......
#)O.#....)'........
#...#+#####........
#......)...........
...................
....................
............).......
.............).......
..####'######...


You could see a two-headed ogre.

Vanquished Creatures
  A manticore (D:7)
  A shadow (D:7)
  A steam dragon (D:8)
  A water moccasin (D:7)
  An orc warrior (D:8)
  An ice beast (D:5)
  2 black bears
  4 centaurs
  2 ogres
  A kobold brigand (D:8)
  2 bullfrogs
  2 gnoll sergeants (D:8)
  6 wights
  2 electric eels (D:7)
  A jelly (D:6)
  2 hounds
  A gnoll bouda (D:8)
  3 orc priests
  An iron imp (D:5)
  An iguana (D:5)
  Ijyb (D:3)
  3 orc wizards
  10 gnolls
  7 adders
  A shadow imp (D:6)
  A white imp (D:7)
  2 ufetubi
  2 dart slugs
  20 orcs
  10 endoplasms
  5 giant cockroaches
  5 goblins
  12 hobgoblins
  11 jackals (D:2)
  A quokka (D:1)
  9 ball pythons
  2 bats
  8 frilled lizards (D:2)
  14 kobolds
  2 rats (D:2)
162 creatures vanquished.

Vanquished Creatures (others)
  A necrophage (D:8)
  2 withered plants (D:7)
3 creatures vanquished.

Grand Total: 165 creatures vanquished

Notes
Turn   | Place    | Note
-------+----------+-------------------------------------------
     0 | D:1      | Flugkiller the Minotaur Fighter began the quest for the
                  | Orb.
     0 | D:1      | Reached XP level 1. HP: 19/19 MP: 0/0
   298 | D:1      | Reached XP level 2. HP: 20/27 MP: 1/1
   428 | D:1      | Reached skill level 3 in Axes
   821 | D:2      | Found a faded altar of an unknown god.
   832 | D:2      | Reached XP level 3. HP: 32/33 MP: 2/2
  1055 | D:2      | Identified the +0 chain mail "Wufrapta" {Contam rElec
                  | Int+5}
  1076 | D:2      | Reached skill level 4 in Axes
  1109 | D:2      | Reached XP level 4. HP: 41/41 MP: 3/3
  1524 | D:3      | Found an ancient bone altar of Kikubaaqudgha.
  1920 | D:3      | Noticed Ijyb
  1925 | D:3      | Paralysed by Ijyb for 3 turns
  1934 | D:3      | Killed Ijyb
  2371 | D:4      | Reached XP level 5. HP: 47/47 MP: 4/4
  2503 | D:4      | Found Coemy's Lightly-Used Armoury.
  2580 | D:4      | Noticed a black bear
  2587 | D:4      | Killed a black bear
  2588 | D:4      | Reached skill level 5 in Fighting
  2588 | D:4      | Reached skill level 5 in Axes
  2588 | D:4      | Reached skill level 5 in Armour
  3222 | D:5      | Entered Level 5 of the Dungeon
  3222 | D:5      | Found a snail-covered altar of Cheibriados.
  3229 | D:5      | Reached XP level 6. HP: 56/56 MP: 5/5
  3288 | D:5      | Noticed an ice beast
  3296 | D:5      | Killed an ice beast
  3297 | D:5      | Reached skill level 6 in Axes
  3459 | D:5      | Found a staircase to the Ecumenical Temple.
  3490 | Temple   | Entered the Ecumenical Temple
  3705 | D:5      | Became a worshipper of Cheibriados the Contemplative
  4124 | D:5      | Reached XP level 7. HP: 58/61 MP: 6/6
  4205 | D:5      | Found an iron altar of Okawaru.
  4213 | D:5      | Reached skill level 1 in Invocations
  4472 | D:6      | Found Mego Tor's Magic Scroll Boutique.
  4478 | D:6      | Bought a scroll of teleportation for 39 gold pieces
  4564 | D:6      | Found a glowing golden altar of the Shining One.
  4564 | D:6      | Noticed an eight-headed hydra
  4564 | D:6      | Noticed a purple ugly thing
  4565 | D:6      | Found a shimmering altar of Xom.
  4565 | D:6      | Noticed a wraith
  4566 | D:6      | Found a bloodstained altar of Trog.
  4572 | D:6      | Found a transporter.
  4583 | D:6      | Found a transporter.
  5106 | D:7      | Reached skill level 7 in Axes
  5351 | D:7      | Noticed a manticore
  5351 | D:7      | Noticed a shadow
  5360 | D:7      | Killed a shadow
  5362 | D:7      | Killed a manticore
  5363 | D:7      | Reached skill level 8 in Axes
  5363 | D:7      | Reached XP level 8. HP: 22/71 MP: 7/9
  5663 | D:7      | Identified the +7 great mace of Toefey {speed, rElec rPois
                  | rF+ Str+5}
  5685 | D:7      | Found a runed translucent door.
  5685 | D:7      | Noticed Regnix's ghost (novice DEIE)
  5926 | D:7      | Reached * piety under Cheibriados
  6095 | D:7      | Found a glowing silver altar of Zin.
  6248 | D:8      | Reached skill level 9 in Axes
  6262 | D:8      | Identified the +3 leather armour "Maoca Ypte" {rF+ Regen+}
  6548 | D:8      | Reached XP level 9. HP: 45/79 MP: 9/11
  6793 | D:8      | Reached ** piety under Cheibriados
  6805 | D:8      | Reached skill level 10 in Axes
  7669 | D:9      | Reached skill level 1 in Dodging
  7738 | D:9      | Noticed a two-headed ogre
  7745 | D:9      | Reached *** piety under Cheibriados
  7749 | D:9      | Slain by a two-headed ogre

Illustrated notes

Levels and vault maps discovered:
D:1:      minmay_arrival_loop, layout_basic
D:2:      layout_basic, basic_ecumenical_altar
D:3:      layout_basic, mainiacjoe_overflow_24_doors, uniq_ijyb
D:4:      layout_loops_ring, minmay_shop_damaged
D:5:      layout_cave_pools, okawaru_altar_gauntlet_db, slow_altar_1,
          minmay_temple_entry_drinking_statues
D:6:      layout_loops_ring, gammafunk_temple_overflow_arena, serial_shops, shop
D:7:      kennysheep_big_flooded_room, layout_loops_cross,
          mainiacjoe_overflow_alcove_1, gammafunk_ghost_grave, enter_bailey_2,
          minmay_misc_feat_tower
D:8:      kennysheep_housing_project, layout_rooms
D:9:      lemuel_ice_statue, layout_irregular_city, nemelex_spade_bored_becter
Temple:   eino_temple_water

Skill      XL: |  1  2  3  4  5  6  7  8  9 |
---------------+----------------------------+-----
Axes           | 3 4 5 6 8 9 10 | 10.6
Fighting       | 4 5 6 7 8 |  8.2
Armour         | 4 5 6 7 8 |  8.2
Invocations    | 3 4 |  4.8
Dodging        | 1 |  1.5
Shields        | |  3.6

Action                   |  1- 3 |  4- 6 |  7- 9 || total
-------------------------+-------+-------+-------++-------
Melee: War axe           |    67 |   118 |   180 ||   365
       Headbutt          |     5 |    23 |    29 ||    57
  Use: Scroll            |       |     8 |     4 ||    12
       Potion            |       |       |     3 ||     3
Armor: Scale mail        |    40 |    65 |    38 ||   143
       Plate armour      |       |       |    68 ||    68
Dodge: Dodged            |    51 |    55 |    90 ||   196
Block: Buckler           |     8 |    29 |    64 ||   101
